 Dungeon Crawl Stone Soup version 0.31.0-9-g3a7656b989 (webtiles) character file.

Game seed: 16945600338888657922

566 qw the Ducker (level 7, 0/35 HPs)
             Began as a Spriggan Hunter on Feb 2, 2024.
             Slain by Pikel
             ... wielding a +2 whip of flaming
              (1 damage)
             ... on level 5 of the Dungeon.
             The game lasted 00:00:16 (3624 turns).

qw the Ducker (Spriggan Hunter)                     Turns: 3624, Time: 00:00:16

Health: 0/35       AC:  8    Str:  7    XL:     7   Next: 10%
Magic:  8/8        EV: 23    Int: 10    God:
Gold:   192        SH:  0    Dex: 21    Spells: 6/6 levels left

rFire   . . .        a - +0 shortbow
rCold   . . .        (shield currently unavailable)
rNeg    . . .        c - +0 robe
rPois   .            (helmet restricted)
rElec   .            h - +1 cloak "Ippenwan" {Will+}
rCorr   +            (gloves unavailable)
SInv    +            (boots unavailable)
Will    ++...        (no amulet)
Stlth   ++           f - +4 ring of protection
HPRegen 0.25/turn    b - ring of resist corrosion
MPRegen 0.11/turn

%: no passive effects
@: very quick
A: very small, no large weapons, unfitting armour, see invisible, speed 3
a: no special abilities


You were on level 5 of the Dungeon.
You visited 2 branches of the dungeon, and saw 6 of its levels.

You collected 192 gold pieces.


Innate Abilities, Weirdness & Mutations

You are very small and have problems with some larger weapons.
You are too small for most types of armour.
You have supernaturally acute eyesight. (SInv)
You cover ground extremely quickly. (Speed+++)


   Skills:
 - Level 2.1 Fighting
 + Level 6.4 Ranged Weapons
 - Level 7.5 Dodging
 - Level 1.5 Stealth


You had 6 spell levels left.
You didn't know any spells.
Your spell library was empty.

Inventory:

Hand Weapons
 a - a +0 shortbow (weapon)
Armour
 c - a +0 robe (worn)
 h - the +1 cloak "Ippenwan" (worn) {Will+}
   (You found it on level 3 of the Dungeon)

   Will+:     It increases your willpower.
Jewellery
 b - a ring of resist corrosion (right hand)
 f - a +4 ring of protection (left hand)
Wands
 g - a wand of polymorph (9)
 k - a wand of iceblast (13)
Potions
 d - 3 potions of mutation
 e - a potion of might
 i - 2 potions of degeneration {unknown}
 j - a potion of resistance
 n - a potion of lignification {unknown}

Dungeon Overview and Level Annotations

Branches:
Dungeon (5/15)             Temple (1/1) D:5

Altars:
Ashenzari
Cheibriados
Dithmenos
Elyvilon
Fedhas
Gozag
Hepliaklqana
Kikubaaqudgha
Makhleb
Nemelex Xobeh
Qazlal
Ru
Sif Muna
Trog
Uskayaw
Vehumet
Xom
Zin
The Shining One

Shops:
D:4 =

Annotations:
D:5 Pikel


Message History

The arrow hits Pikel.
Pikel is lightly wounded.
Pikel misses you.
You shoot an arrow.
The arrow hits Pikel but does no damage.
Pikel is lightly wounded.
Pikel hits you but does no damage. Pikel closely misses you.
You shoot an arrow. The arrow closely misses Pikel.
The arrow closely misses the lemure.
Pikel barely misses you.
You shoot an arrow. The arrow hits Pikel.
Pikel is moderately wounded.
Pikel hits you with a +2 whip of flaming!
Pikel burns you.
You shoot an arrow.
The arrow hits Pikel but does no damage.
Pikel is moderately wounded.
Pikel completely misses you.
You shoot an arrow.
The arrow hits Pikel but does no damage.
Pikel is moderately wounded.
Pikel hits you with a +2 whip of flaming.
Pikel burns you.
You shoot an arrow. The arrow hits Pikel.
Pikel is moderately wounded.
Pikel hits you with a +2 whip of flaming.
Pikel burns you.
You shoot an arrow. The arrow barely misses Pikel.
The arrow closely misses the lemure.
Pikel hits you with a +2 whip of flaming.
Pikel burns you.
You shoot an arrow. The arrow closely misses Pikel.
The arrow hits the lemure.
The lemure is almost dead.
Pikel hits you but does no damage.
You shoot an arrow. The arrow hits Pikel.
Pikel is moderately wounded.
Pikel hits you with a +2 whip of flaming.
Pikel burns you.
You die...
Pikel says, "Another soul for the market."

..## #..##..##
###.. ..#
#..###..## ##....
#.# #.## ##..##
#..... #.# #.#
##..## ##.###. #.#
..# ##..## ###.##
## ..# ..#
##..####..## # .##
... ###...##.<## #
## ..K
####........## ## #
#....##5K@........#
##. #..
#....55######....#
###.. #..# #.....##
#...## ##:.##
#..##...## #...#
##..## # #......#
##### #..## ##
#.....######## ##.#
.# #....##.....#
### .##
#........¤..# #.##
#...[...¤¤¤.#


You could see Pikel and 3 lemures.

Vanquished Creatures
  Prince Ribbit (D:5)
  A lemure (D:5)
  Blork the orc (D:5)
  A hound (D:4)
  A jelly (D:4)
  An iguana (D:4)
  An orc wizard (D:4)
  10 adders
  3 dart slugs
  2 ribbon worms (D:2)
  9 orcs
  4 bats
  6 endoplasms
  4 giant cockroaches
  8 goblins
  9 hobgoblins
  7 kobolds
  6 quokkas
  10 ball pythons
  2 frilled lizards
  3 rats
90 creatures vanquished.

Notes
Turn   | Place    | Note
-------+----------+-------------------------------------------
     0 | D:1      | qw the Spriggan Hunter began the quest for the Orb.
     0 | D:1      | Reached XP level 1. HP: 10/10 MP: 2/2
     0 | D:1      | 0 ||| qw: Version: 0.3-a-155-g5e7d8dd
     0 | D:1      | 0 ||| qw: Game counter: 1572
     0 | D:1      | 0 ||| qw: Melee chars always use a shield: true
     0 | D:1      | 0 ||| qw: God list: Okawaru
     0 | D:1      | 0 ||| qw: Allow faded altars: false
     0 | D:1      | 0 ||| qw: Do Orc after clearing Dungeon:15 true
     0 | D:1      | 0 ||| qw: Do second Lair branch before Depths: true
     0 | D:1      | 0 ||| qw: Lair rune preference: random
     0 | D:1      | 0 ||| qw: Goals: Normal
     0 | D:1      | 0 ||| PLANNING D:1-11
    49 | D:1      | HP: 1/10 [hobgoblin (3)]
    52 | D:1      | Reached skill level 3 in Dodging
   273 | D:1      | Reached XP level 2. HP: 12/14 MP: 3/3
   387 | D:1      | Reached skill level 4 in Dodging
   912 | D:1      | 912 ||| READING scroll labelled ZUITAG NESEMECS.
  1013 | D:1      | 1013 ||| READING 2 scrolls labelled LAUNIG EDONKO.
  1014 | D:1      | 1014 ||| READING 3 scrolls labelled LIANTO NOMIJY.
  1014 | D:1      | 1014 ||| IDENTIFYING sedimented sapphire potion
  1015 | D:1      | 1015 ||| READING 2 scrolls of identify.
  1015 | D:1      | 1015 ||| IDENTIFYING scroll labelled MEWEQ ZEAC
  1016 | D:1      | 1016 ||| DROPPING scroll of butterflies.
  1017 | D:1      | 1017 ||| DROPPING scroll of immolation.
  1018 | D:1      | 1018 ||| DROPPING potion of attraction.
  1019 | D:1      | 1019 ||| DROPPING scroll of blinking.
  1095 | D:2      | Reached XP level 3. HP: 18/18 MP: 4/4
  1521 | D:2      | Reached XP level 4. HP: 15/22 MP: 5/5
  1708 | D:2      | 1708 ||| UPGRADING to +0 cloak.
  1713 | D:2      | 1713 ||| READING scroll of identify.
  1713 | D:2      | 1713 ||| IDENTIFYING lumpy grey potion
  1724 | D:3      | 1724 ||| STAIRDANCE
  1861 | D:3      | Reached skill level 5 in Dodging
  1869 | D:3      | 1869 ||| FLEEEEING.
  1871 | D:3      | 1871 ||| FLEEEEING.
  1872 | D:3      | 1872 ||| FLEEEEING.
  1873 | D:3      | 1873 ||| FLEEEEING.
  1874 | D:3      | 1874 ||| FLEEEEING.
  1875 | D:3      | 1875 ||| FLEEEEING.
  1876 | D:3      | 1876 ||| FLEEEEING.
  1877 | D:3      | 1877 ||| FLEEEEING.
  1878 | D:3      | 1878 ||| STAIRDANCE
  1889 | D:2      | 1889 ||| UPGRADING to +4 ring of protection.
  1892 | D:3      | 1892 ||| STAIRDANCE
  1904 | D:3      | Found a sacrificial altar of Ru.
  2261 | D:3      | Identified the +1 cloak "Ippenwan" {Will+}
  2361 | D:3      | Found a hazy altar of Hepliaklqana.
  2362 | D:3      | Found a faded altar of an unknown god.
  2451 | D:3      | 2451 ||| UPGRADING to +1 cloak "Ippenwan" {Will+}.
  2461 | D:3      | 2461 ||| DROPPING +0 cloak.
  2462 | D:3      | 2462 ||| READING scroll labelled XOBIQA JARPHYKE.
  2508 | D:4      | Reached XP level 5. HP: 26/26 MP: 6/6
  2608 | D:4      | Found a burning altar of Makhleb.
  2654 | D:4      | Found Imups's Jewellery Emporium.
  2666 | D:4      | 2666 ||| SHOPLISTING +5 ring of evasion (468 gold, have
                  | 109).
  2666 | D:4      | 2666 ||| SHOPLISTING ring of Ashenzari, Freezing {Wiz rN+
                  | Str+3} (617 gold, have 109).
  2686 | D:4      | 2686 ||| FLEEEEING.
  2687 | D:4      | 2687 ||| FLEEEEING.
  2688 | D:4      | 2688 ||| FLEEEEING.
  2689 | D:4      | 2689 ||| FLEEEEING.
  2692 | D:4      | 2692 ||| FLEEEEING.
  2693 | D:4      | 2693 ||| FLEEEEING.
  2694 | D:4      | 2694 ||| FLEEEEING.
  2695 | D:4      | 2695 ||| FLEEEEING.
  2696 | D:4      | 2696 ||| FLEEEEING.
  2697 | D:4      | 2697 ||| FLEEEEING.
  2698 | D:4      | 2698 ||| FLEEEEING.
  2699 | D:4      | 2699 ||| FLEEEEING.
  2701 | D:4      | 2701 ||| FLEEEEING.
  2704 | D:4      | 2704 ||| FLEEEEING.
  2715 | D:4      | Reached skill level 6 in Ranged Weapons
  2975 | D:4      | Reached XP level 6. HP: 29/30 MP: 7/7
  3037 | D:4      | 3037 ||| UPGRADING to ring of resist corrosion.
  3038 | D:4      | 3038 ||| READING scroll of identify.
  3038 | D:4      | 3038 ||| IDENTIFYING viscous clear potion
  3039 | D:4      | 3039 ||| READING scroll labelled KUSTRU LESI.
  3040 | D:4      | 3040 ||| DRINKING 2 lumpy inky potions.
  3064 | D:5      | Entered Level 5 of the Dungeon
  3153 | D:5      | Noticed Prince Ribbit
  3155 | D:5      | 3155 ||| ZAPPING wand of iceblast (15) at -5,-5 (Prince
                  | Ribbit; floor).
  3156 | D:5      | 3156 ||| ZAPPING wand of iceblast (14) at -4,-4 (Prince
                  | Ribbit; floor).
  3156 | D:5      | Killed Prince Ribbit
  3157 | D:5      | Reached skill level 7 in Dodging
  3213 | D:5      | Found a radiant altar of Vehumet.
  3341 | D:5      | Found a staircase to the Ecumenical Temple.
  3342 | D:5      | 3342 ||| PLANNING TEMPLE
  3350 | D:5      | Noticed Blork the orc
  3361 | D:5      | Killed Blork the orc
  3362 | D:5      | Reached XP level 7. HP: 33/35 MP: 8/8
  3377 | Temple   | Entered the Ecumenical Temple
  3378 | Temple   | 3378 ||| PLANNING D:1-11
  3603 | D:5      | Noticed Pikel
  3604 | D:5      | 3604 ||| RETREEEEATING.
  3607 | D:5      | 3607 ||| RETREEEEATING.
  3610 | D:5      | 3610 ||| RETREEEEATING.
  3622 | D:5      | HP: 5/35 [Pikel/+2 whip of flaming (6)]
  3624 | D:5      | HP: 1/35 [Pikel/+2 whip of flaming (2)]
  3624 | D:5      | Slain by Pikel

Levels and vault maps discovered:
D:1:      onia_arrival_mini_maze_b, layout_loops_ring, chequers_jeans,
          minmay_split_cup_small
D:2:      layout_basic, chequers_serial_rivers_room_a
D:3:      layout_loops_ring, lemuel_doored_altar,
          beargit_hepliaklqana_dungeon_heroes
D:4:      layout_rooms, mainiacjoe_overflow_small_starburst, serial_shops,
          nicolae_square_shop
D:5:      layout_layer_cave, vehumet_crystals, minmay_temple_entry_purple_smoke,
          uniq_pikel, uniq_prince_ribbit1, uniq_blork_the_orc
Temple:   eino_wide_crystal_templ

Skill      XL: |  1  2  3  4  5  6 |
---------------+-------------------+-----
Dodging        | 3 4 5 7 |  7.5
Ranged Weapons | 5 6 |  6.4
Fighting       | 2 |  2.1
Stealth        | |  1.5

Action                     |  1- 3 |  4- 6 |  7- 9 || total
---------------------------+-------+-------+-------++-------
   Fire: Shortbow          |   119 |   227 |    18 ||   364
  Evoke: Wand              |       |     2 |       ||     2
    Use: Scroll            |     4 |     4 |       ||     8
         Potion            |       |     1 |       ||     1
 Armour: Robe              |    18 |    43 |     8 ||    69
  Dodge: Dodged            |    43 |   132 |     5 ||   180

Table legend:
 A = Non-vault XP
 B = Vault XP
 C = Vault XP percentage of total XP
 D = Non-vault monster count
 E = Vault monster count
 F = Vault count percentage of total count
                 A         B        C        D         E       F
            +---------+---------+-------+---------+---------+-------
      Total |     425 |     384 |  47.5 |      82 |       7 |   7.9
            +---------+---------+-------+---------+---------+-------
        D:1 |      31 |       8 |  20.5 |      18 |       4 |  18.2
        D:2 |      79 |       0 |   0.0 |      18 |       0 |   0.0
        D:3 |      73 |       3 |   3.9 |      23 |       1 |   4.2
        D:4 |     213 |       0 |   0.0 |      20 |       0 |   0.0
        D:5 |      29 |     373 |  92.8 |       3 |       2 |  40.0
            +---------+---------+-------+---------+---------+-------
